 Seeded DCSS version 0.32-a0-350-g4f4d228785 (webtiles) character file.

Game seed: 18446744073709551615 (custom seed)

3640 n00bmints the Cleaver (level 10, -2/115 HPs)
             Began as a Human Berserker on Feb 17, 2024.
             Was a Believer of Trog.
             Succumbed to a gnoll sergeant's poison
             ... on level 7 of the Dungeon.
             The game lasted 00:37:52 (5729 turns).

n00bmints the Cleaver (Human Berserker)             Turns: 5729, Time: 00:37:52

Health: -2/115     AC: 13    Str: 22    XL:     10   Next: 12%
Magic:  3/3        EV: 12    Int:  8    God:    Trog [**....]
Gold:   323        SH:  5    Dex: 15    Spells: 9/9 levels left

rFire   + . .        e - +0 broad axe (antimagic)
rCold   . . .        (no shield)
rNeg    . . .        o - +3 ring mail of Dramatic Exits {rF+ Regen+ Dex+3 SInv}
rPois   .            k - +0 helmet
rElec   .            J - +0 cloak
rCorr   .            (no gloves)
SInv    +            g - +0 pair of boots
Will    ++...        D - amulet of reflection Stlth
                     r - ring of wizardry
HPRegen 2.19/turn    (no ring)
MPRegen 0.08/turn

%: reflection, wizardry (x1)
@: berserking (expiring), lethally poisoned (-2 -> -9), strong-willed,
regenerating, very quick
A: explore regen
a: Renounce Religion, Berserk, Trog's Hand


You were on level 7 of the Dungeon.
You worshipped Trog.
Trog was pleased with you.
You visited 1 branch of the dungeon, and saw 7 of its levels.

You collected 323 gold pieces.

Inventory:

Hand Weapons
 e - a +0 antimagic broad axe (weapon)
 s - the +6 hand axe of an ice cave {antimagic, Will+ Str+4 Dex-4}
   (You found it on level 3 of the Dungeon)

   Str+4:     It affects your strength (+4).
   Dex-4:     It affects your dexterity (-4).
   Will+:     It increases your willpower.
 x - a +2 hand axe of freezing
 K - a +3 quarterstaff of chaos
Armour
 g - a +0 pair of boots (worn)
 k - a +0 helmet (worn)
 m - a +1 chain mail of poison resistance
 o - the +3 ring mail of Dramatic Exits (worn) {rF+ Regen+ Dex+3 SInv}
   (You found it on level 2 of the Dungeon)

   Dex+3:     It affects your dexterity (+3).
   rF+:       It protects you from fire.
   SInv:      It lets you see invisible.
   Regen+:    It increases your rate of health regeneration.
 H - the +5 ring mail "Joirytac" {rElec rN+ Int+4}
   (You found it on level 5 of the Dungeon)

   Int+4:     It affects your intelligence (+4).
   rElec:     It insulates you from electricity.
   rN+:       It protects you from negative energy.
 J - a +0 cloak (worn)
Jewellery
 r - a ring of wizardry (left hand)
 D - an amulet of reflection (around neck)
 I - an amulet of regeneration
Wands
 u - a wand of flame (24)
 w - a wand of quicksilver (11)
 E - a wand of paralysis (7)
 F - a wand of digging (3)
Scrolls
 c - a scroll of fear {unknown}
 d - 3 scrolls of teleportation {unknown}
 h - a scroll of poison {unknown}
 i - a scroll of amnesia {unknown}
 n - 2 scrolls of revelation {unknown}
 q - 2 scrolls of blinking {unknown}
 y - a scroll of identify {unknown}
 B - 2 scrolls of fog {unknown}
 C - a scroll of enchant weapon {unknown}
 G - 2 scrolls of vulnerability {unknown}
Potions
 a - a potion of invisibility {unknown}
 b - 2 potions of berserk rage {unknown}
 f - 4 potions of heal wounds {unknown}
 j - a potion of magic {unknown}
 l - 3 potions of curing {unknown}
 p - 2 potions of attraction {unknown}
 t - 3 potions of degeneration {unknown}
 v - a potion of might {unknown}
 z - a potion of brilliance {unknown}
 A - a potion of mutation {unknown}


   Skills:
 * Level 6.8 Fighting
 * Level 10.3(10.8) Axes
 - Level 4.6(8.1) Maces & Flails
 + Level 5.5 Armour
 + Level 4.1 Dodging
 + Level 1.2 Shields


You had 9 spell levels left.
You didn't know any spells.
Your spell library was empty.

Dungeon Overview and Level Annotations

Branches:
Dungeon (7/15)             Temple (0/1) D:7

Altars:
Nemelex Xobeh

Shops:
D:4 (


Innate Abilities, Weirdness & Mutations

You regain HP and MP as you explore.


Message History

Your skin crawls.
You feel strong-willed.
You feel very sick. The centaur completely misses you.
The centaur closely misses you.
The gnoll sergeant hits you with a +2 spear of venom.
* * * LOW HITPOINT WARNING * * *
You are more poisoned.
A red film seems to cover your vision as you go berserk!
You feel yourself moving faster!
You feel mighty!
You feel extremely sick. The centaur hits you.
* * * LOW HITPOINT WARNING * * *
The centaur kicks you but does no damage.
The gnoll sergeant hits you with a +2 spear of venom.
* * * LOW HITPOINT WARNING * * *
The centaur barely misses you. The centaur misses you.
You slice the centaur!!
The centaur is almost dead.
You completely miss the gnoll sergeant.
You feel very sick. The centaur barely misses you.
You block the centaur's attack.
The gnoll sergeant hits you with a +2 spear of venom.
* * * LOW HITPOINT WARNING * * *
You are lethally poisoned!
You completely miss the centaur.
The centaur is almost dead.
You hit the gnoll sergeant but do no damage.
* * * LOW HITPOINT WARNING * * *
You feel very sick. The centaur closely misses you.
The centaur kicks you but does no damage.
You slash the centaur!
You kill the centaur!
Trog accepts your kill.
You slash the gnoll sergeant!
You kill the gnoll sergeant!
Trog accepts your kill.
* * * LOW HITPOINT WARNING * * *
You feel very sick.
You die... ..P♣.PP♣....♣♣♣♣P..♣♣♣### ## ..PPPPP#'''## ##### .Kh

. P♣♣♣P#)).#
.gg.. )..gg P♣
###.>.#
=..[... #.$.$.
#...#
.....$..#.....
#.).# . #.....
#)########''#
#....$
+)....)......
+...@$g......
#############


You could see a hobgoblin.

Vanquished Creatures
  Pikel (D:6)
  Maggie (D:6)
  Jeremiah (D:6)
  Grinder (D:6)
  2 black bears
  5 ogres
  3 centaurs
  2 phantoms
  3 lemures (D:6)
  A bullfrog (D:6)
  3 scorpions
  3 gnoll sergeants
  A howler monkey (D:5)
  2 jellies
  5 hounds
  3 orc priests
  Crazy Yiuf (D:6)
  Natasha (twice) (D:2)
  2 gnoll boudas
  An iguana (D:4)
  6 orc wizards (D:7)
  Robin (D:2)
  10 gnolls
  5 adders
  2 shadow imps (D:7)
  A white imp (D:7)
  2 ufetubi (D:4)
  3 dart slugs
  18 orcs
  3 ball pythons
  10 endoplasms
  A giant cockroach (D:1)
  12 hobgoblins
  9 jackals
  5 quokkas
  4 bats
  4 frilled lizards
  16 goblins
  9 kobolds
  2 rats
166 creatures vanquished.

Notes
Turn   | Place    | Note
-------+----------+-------------------------------------------
     0 | D:1      | n00bmints the Human Berserker began the quest for the Orb.
     0 | D:1      | Reached XP level 1. HP: 18/18 MP: 1/1
   155 | D:1      | Reached XP level 2. HP: 23/24 MP: 2/2
   383 | D:1      | Reached XP level 3. HP: 27/29 MP: 3/3
   985 | D:2      | Noticed Robin
   992 | D:2      | Reached XP level 4. HP: 35/35 MP: 4/4
  1014 | D:2      | Killed Robin
  1021 | D:2      | Reached ** piety under Trog
  1173 | D:2      | Noticed Natasha
  1185 | D:2      | Killed Natasha
  1186 | D:2      | Reached XP level 5. HP: 42/42 MP: 5/5
  1481 | D:2      | Noticed Natasha
  1487 | D:2      | Killed Natasha
  1523 | D:2      | Identified the +3 ring mail of Dramatic Exits {rF+ Regen+
                  | Dex+3 SInv}
  1967 | D:3      | Identified the +6 hand axe of an ice cave {antimagic, Will+
                  | Str+4 Dex-4}
  2113 | D:3      | Found a sparkling altar of Nemelex Xobeh.
  2414 | D:4      | Reached XP level 6. HP: 22/48 MP: 2/6
  2417 | D:4      | Reached skill level 1 in Axes
  2454 | D:4      | Found Worchak's Weapon Shop.
  2618 | D:4      | Reached skill level 2 in Axes
  3058 | D:5      | Entered Level 5 of the Dungeon
  3079 | D:5      | Reached skill level 3 in Axes
  3079 | D:5      | Reached XP level 7. HP: 54/54 MP: 2/7
  3211 | D:4      | Reached skill level 4 in Axes
  3331 | D:5      | Identified the +5 ring mail "Joirytac" {rElec rN+ Int+4}
  3388 | D:5      | Reached skill level 5 in Axes
  3396 | D:5      | Reached XP level 8. HP: 61/61 MP: 2/8
  3954 | D:6      | Noticed Maggie
  3961 | D:6      | Reached skill level 6 in Axes
  3977 | D:6      | Killed Maggie
  3980 | D:6      | Reached skill level 7 in Axes
  4206 | D:6      | Noticed Pikel
  4226 | D:6      | Killed Pikel
  4227 | D:6      | Reached skill level 5 in Fighting
  4227 | D:6      | Reached skill level 8 in Axes
  4227 | D:6      | Reached skill level 5 in Armour
  4227 | D:6      | Reached XP level 9. HP: 43/68 MP: 3/9
  4342 | D:6      | Noticed Jeremiah
  4426 | D:6      | Killed Jeremiah
  4552 | D:6      | Reached skill level 9 in Axes
  4627 | D:6      | Found a runed translucent door.
  4628 | D:6      | Noticed Crazy Yiuf
  4639 | D:6      | Killed Crazy Yiuf
  4811 | D:6      | Noticed Grinder
  4822 | D:6      | Killed Grinder
  5095 | D:7      | Found a staircase to the Ecumenical Temple.
  5431 | D:7      | Reached skill level 1 in Shields
  5560 | D:7      | Reached *** piety under Trog
  5651 | D:7      | Reached XP level 10. HP: 24/77 MP: 3/10
  5671 | D:7      | Reached skill level 10 in Axes
  5727 | D:7      | HP: 4/115 [poisoned by a gnoll sergeant]
  5728 | D:7      | HP: 1/115 [poisoned by a gnoll sergeant]
  5729 | D:7      | Succumbed to a gnoll sergeant's poison

Illustrated notes

Levels and vault maps discovered:
D:1:      dpeg_arrival_renting, layout_rooms, minmay_strange_pillars,
          minivault_14, minmay_strange_pillars, kennysheep_another_room
D:2:      layout_basic, dk_noncrumbling_3, uniq_robin, uniq_natasha
D:3:      layout_rooms, nemelex_diamond_rough_becter
D:4:      layout_loops_ring, serial_shops, nicolae_shop_crystal, st_stairs_9
D:5:      layout_cave_pools
D:6:      black_bear_nest_2, layout_gridville, uniq_pikel, uniq_grinder,
          uniq_maggie, uniq_crazy_yiuf_cottage, uniq_jeremiah
D:7:      kennysheep_housing_project, layout_loops_ring, temple_pool_b

Skill      XL: |  1  2  3  4  5  6  7  8  9 10 |
---------------+-------------------------------+-----
Maces & Flails | 4 |  4.6
Armour         | 3 4 5 |  5.5
Axes           | 3 5 8 9 10 | 10.3
Fighting       | 4 5 6 |  6.8
Dodging        | 3 4 |  4.1
Shields        | 1 |  1.2

Action                     |  1- 3 |  4- 6 |  7- 9 | 10-12 || total
---------------------------+-------+-------+-------+-------++-------
  Melee: Mace              |    95 |    68 |       |       ||   163
         Hand axe          |       |    82 |    92 |       ||   174
         Broad axe         |       |       |   150 |    39 ||   189
 Invoke: Berserk           |     2 |     2 |     5 |     1 ||    10
         Trog's Hand       |       |     3 |    11 |     4 ||    18
 Armour: Animal skin       |     7 |       |       |       ||     7
         Leather armour    |    16 |       |       |       ||    16
         Skin              |     2 |       |       |       ||     2
         Ring mail         |    47 |    93 |   216 |    31 ||   387
         Chain mail        |       |    27 |       |       ||    27
  Dodge: Dodged            |    89 |    87 |   161 |    31 ||   368
  Block: Other             |       |       |    48 |     5 ||    53
         Reflection        |       |       |     2 |       ||     2

Table legend: (Time is in decaauts)
 A = Elapsed time spent in this place.
 B = Non-inter-level travel time spent in this place.
 C = Inter-level travel time spent in this place.
 D = Time resting spent in this place.
 E = Time spent auto-exploring this place.
 F = Levels seen in this place.
 G = Mean time per level.
                   A        B        C        D        E       F      G
               +--------+--------+--------+--------+--------+-----+--------+
         Total |   5879 |   5755 |    124 |      0 |   2605 |   7 |  839.9 |
       Dungeon |   5879 |   5755 |    124 |      0 |   2605 |   7 |  839.9 |
               +--------+--------+--------+--------+--------+-----+--------+

Top non-repeatable levels by time:
     D:6: 1388 daAuts
     D:2: 1044 daAuts
     D:4: 843 daAuts
     D:1: 819 daAuts
     D:5: 661 daAuts
     D:7: 660 daAuts
     D:3: 461 daAuts
